 Dungeon Crawl Stone Soup version 0.29.1-1-gd02db69 (webtiles) character file.

Game seed: 7989909302888561878

151459 FrigidRock the Convoker (level 17, -4/141 HPs)
             Began as a Pale Draconian Summoner on Feb 12, 2023.
             Was the Champion of the Shining One.
             Slain by a five-headed hydra simulacrum (8 damage)
             ... on level 4 of the Swamp.
             The game lasted 05:30:51 (60814 turns).

FrigidRock the Convoker (Pale Draconian Summoner)  Turns: 60814, Time: 05:30:51

Health: -4/141     AC: 16    Str: 11    XL:     17   Next: 0%
Magic:  3/35       EV: 17    Int: 33    God:    the Shining One [******]
Gold:   500        SH:  0    Dex: 14    Spells: 4/44 levels left

rFire   . . .      SeeInvis .   D - +6 mace "Hiokhlat" {freeze, +Blink}
rCold   . . .      Faith    .   (no shield)
rNeg    + + +      Spirit   .   (body armour unavailable)
rPois   .          Reflect  .   A - +2 hat
rElec   .          Harm     .   f - +2 cloak
rCorr   .          Rampage  .   l - +1 pair of gloves
Will    +....                   (no boots)
Stlth   +.........              (no amulet)
HPRegen 0.00/turn               E - +6 ring of intelligence
MPRegen 0.24/turn               S - +6 ring of intelligence

@: about to teleport, marked, inhibited regen, slowed, glowing, very slow
A: breathe steam, AC +9, unfitting armour, cold-blooded, steam resistance,
hooves 1, stinger 1, mutation resistance 1, inhibited regeneration
a: Breathe Steam, Renounce Religion, Evoke Blink, Divine Shield, Cleansing
Flame, Summon Divine Warrior, Brand Weapon With Holy Wrath


You were on level 4 of the Swamp.
You worshipped the Shining One.
The Shining One was exalted by your worship.
You visited 9 branches of the dungeon, and saw 32 of its levels.

You collected 2442 gold pieces.
You spent 1942 gold pieces at shops.

Inventory:

Hand Weapons
 D - the +6 mace "Hiokhlat" (weapon) {freeze, +Blink}
   (You took it off a kobold on level 4 of the Dungeon)

   It freezes those it strikes, dealing additional cold damage.
   It can also slow down cold-blooded creatures.
   +Blink:    It lets you blink.
 J - a +2 mace of holy wrath
 V - the +3 long sword of Teexasteap {vorpal, rElec}
   (You found it on level 15 of the Dungeon)

   It inflicts extra damage upon your enemies.
   rElec:     It insulates you from electricity.
Missiles
 y - 2 throwing nets
Armour
 c - a scarf of invisibility
 f - a +2 cloak (worn)
 l - a +1 pair of gloves (worn)
 A - a +2 hat (worn)
 X - a +0 hat of stealth
Magical Staves
 K - a staff of earth
Jewellery
 b - a ring of protection from fire
 d - a ring of flight
 j - a ring of protection from fire
 E - a +6 ring of intelligence (left hand)
 F - a ring of positive energy
 G - a +6 ring of strength
 S - a +6 ring of intelligence (right hand)
Wands
 e - a wand of mindburst (6)
 g - a wand of roots (29)
 i - a wand of light (13)
 s - a wand of charming (14)
 x - a wand of flame (29)
 B - a wand of digging (6)
 P - a wand of polymorph (9)
Scrolls
 h - 2 scrolls of immolation
 o - 8 scrolls of teleportation
 p - 2 scrolls of poison
 q - a scroll of silence
 r - 2 scrolls of vulnerability
 u - 2 scrolls of brand weapon
 w - 5 scrolls of fear
 z - 6 scrolls of enchant weapon
 C - 21 scrolls of identify
 M - 4 scrolls of magic mapping
 O - a scroll of summoning
 R - 2 scrolls of fog
 Z - 2 scrolls of amnesia
Potions
 a - 6 potions of magic
 k - a potion of curing
 m - 6 potions of attraction
 n - 2 potions of invisibility
 t - 5 potions of brilliance
 v - 4 potions of flight
 I - 4 potions of berserk rage
 L - 3 potions of might
 N - 6 potions of lignification
 Q - 3 potions of ambrosia
 T - 2 potions of heal wounds
 W - a potion of haste
 Y - 3 potions of cancellation
Miscellaneous
 H - a phantom mirror


   Skills:
 - Level 10.3 Fighting
 - Level 9.2 Maces & Flails
 + Level 10.8 Dodging
 - Level 2.6 Stealth
 - Level 14.1 Spellcasting
 - Level 4.2 Hexes
 - Level 15.6 Summonings
 - Level 3.3 Translocations
 - Level 3.5 Air Magic
 - Level 4.0 Earth Magic
 * Level 11.4 Invocations
 * Level 9.7 Evocations


You had 4 spell levels left.
You knew the following spells:

 Your Spells              Type           Power      Damage    Failure   Level
a - Summon Cactus Giant   Summ           45%        N/A       1%          6
b - Call Canine Familiar  Summ           90%        N/A       0%          3
c - Summon Guardian Gole  Hex/Summ       73%        N/A       1%          3
d - Summon Lightning Spi  Summ/Air       72%        N/A       1%          4
e - Summon Hydra          Summ           45%        N/A       2%          7
f - Summon Forest         Summ/Tloc      36%        N/A       1%          5
g - Summon Small Mammal   Summ           100%       N/A       0%          1
h - Ensorcelled Hibernat  Hex/Ice        74%        N/A       1%          2
i - Dazzling Flash        Conj/Hex       74%        N/A       2%          3
j - Poisonous Vapours     Pois/Air       68%        N/A       1%          2
k - Teleport Other        Tloc           45%        N/A       1%          3
l - Freeze                Ice            92%        1d10      1%          1

Your spell library contained the following spells:

 Spells                   Type           Power      Damage    Failure   Level
 Call Imp                 Summ           90%        N/A       0%          2
 Apportation              Tloc           90%        N/A       1%          1
 Scorch                   Fire           46%        2d7       2%          2
 Sublimation of Blood     Necr           23%        N/A       2%          2
 Wereblood                Tmut           23%        N/A       2%          2
 Leda's Liquefaction      Hex/Erth       25%        N/A       3%          4
 Frozen Ramparts          Ice            46%        1d7       5%          3
 Anguish                  Hex/Necr       18%        N/A       8%          4
 Fulminant Prism          Conj/Hex       18%        3d11      8%          4
 Corpse Rot               Necr/Pois/Air  31%        N/A       12%         4
 Flame Wave               Conj/Fire      23%        2d8       19%         4
 Hailstorm                Conj/Ice       23%        3d7       19%         4
 Sticky Flame             Conj/Fire      23%        2d4       19%         4
 Freezing Cloud           Conj/Ice/Air   15%        6-21      32%         5
 Haunt                    Necr/Summ      33%        N/A       54%         7
 Spellforged Servitor     Conj/Summ      33%        N/A       54%         7
 Enfeeble                 Hex            25%        N/A       95%         7
 Eringya's Noxious Bog    Tmut/Pois      11%        N/A       96%         6
 Orb of Destruction       Conj           11%        9d6       100%        7


Dungeon Overview and Level Annotations

Branches:
Dungeon (15/15)            Temple (1/1) D:6            Lair (5/5) D:8
  Swamp (4/4) Lair:2       Spider (2/4) Lair:3        Slime (1/5) Lair:5
    Orc (2/2) D:10            Elf (1/3) Orc:2        Vaults (0/5) D:13
 Depths (1/4) D:15

Altars:
Ashenzari
Cheibriados
Dithmenos
Elyvilon
Fedhas
Gozag
Hepliaklqana
Kikubaaqudgha
Makhleb
Nemelex Xobeh
Okawaru
Qazlal
Ru
Sif Muna
Trog
Uskayaw
Vehumet
Wu Jian
Xom
Yredelemnul
Zin
The Shining One
Lugonu

Shops:
D:3 (**:   D:5 *[?   Orc:1 !**   Orc:2 [![=

Portals:
Abyss: Lair:5

Annotations:
D:13 3 runed translucent doors, ttag's ghost, journeyman MiBe
Lair:1 2 transporters, Bukhlaj's ghost, journeyman HOFi
Lair:3 2 transporters, LeafLetters's ghost, journeyman DgAE
Swamp:2 exclusion: oklob plant
Swamp:3 2 transporters, exclusion: orange crystal statue
Swamp:4 Bai Suzhen
Elf:1 Agnes


Innate Abilities, Weirdness & Mutations

You can breathe blasts of scalding, opaque steam.
Your pale cyan-grey scales are hard. (AC +9)
You cannot fit into any form of body armour.
You are cold-blooded and may be slowed by cold attacks.
You are immune to the effects of steam.
You have large cloven feet.
Your tail ends in a venomous barb.
You are somewhat resistant to further mutation.
You do not regenerate when monsters are visible.


Message History

The freezing wraith hits you but does no damage.
The freezing wraith hits you. The freezing wraith drains your vigour!
You feel yourself slow down.
Your surroundings suddenly seem different.
A seven-headed hydra simulacrum, 4 five-headed hydra simulacra and a six-headed hydra simulacrum come into view.
Found 22 gold pieces, a scroll of immolation and a decaying rune of Zot.
The five-headed hydra simulacrum barely misses you.
The five-headed hydra simulacrum misses you. x2
The five-headed hydra simulacrum closely misses you.
The five-headed hydra simulacrum bites you but does no damage.
As you read the scroll of teleportation, it crumbles to dust.
You feel strangely unstable.
The five-headed hydra simulacrum bites you but does no damage.
The five-headed hydra simulacrum misses you.
The five-headed hydra simulacrum bites you.
The five-headed hydra simulacrum freezes you!!
The five-headed hydra simulacrum barely misses you.
The five-headed hydra simulacrum closely misses you.
The five-headed hydra simulacrum barely misses you.
The five-headed hydra simulacrum bites you but does no damage.
The five-headed hydra simulacrum closely misses you.
The five-headed hydra simulacrum bites you but does no damage.
The five-headed hydra simulacrum bites you.
The five-headed hydra simulacrum freezes you!!
* * * LOW HITPOINT WARNING * * *
The five-headed hydra simulacrum barely misses you.
The five-headed hydra simulacrum completely misses you.
The five-headed hydra simulacrum bites you but does no damage.
The five-headed hydra simulacrum closely misses you.
The five-headed hydra simulacrum completely misses you.
The five-headed hydra simulacrum closely misses you.
The five-headed hydra simulacrum bites you but does no damage.
The five-headed hydra simulacrum bites you.
* * * LOW HITPOINT WARNING * * *
The five-headed hydra simulacrum freezes you!!
You feel as though you will be slow longer.
* * * LOW HITPOINT WARNING * * *
The five-headed hydra simulacrum bites you but does no damage.
The five-headed hydra simulacrum bites you!
You die...

.# ..# #..#
..# ..#
######$♣#
###≈ZZ≈..§##
#≈≈≈ZZ@°≈.≈#
≈≈≈≈≈ZZ≈°≈.≈≈#
≈≈≈..°°°≈≈..≈#
≈..≈≈°≈≈≈≈≈.≈#
.≈≈≈°°°°≈.?≈≈#
≈~~###~≈..≈≈##
≈≈# ~≈φ≈≈###
## ######


You could see a seven-headed hydra simulacrum, a six-headed hydra simulacrum and
4 five-headed hydra simulacra.

Vanquished Creatures
  An acid blob (Lair:5)
  A ghost moth (Spider:2)
  A broodmother (Spider:2)
  A spark wasp (Spider:2)
  A shambling mangrove (Swamp:2)
  A boulder beetle (D:14)
  A hydra (Swamp:3)
  Erica (Lair:1)
  3 alligators
  2 orc high priests (Orc:2)
  An orb spider (Spider:1)
  A pharaoh ant (Spider:1)
  2 wolf spiders
  A cyclops (D:13)
  2 elephants (Lair:5)
  A black mamba (Lair:5)
  3 ugly things (D:15)
  An orange demon (D:9)
  A large abomination (Lair:5)
  3 komodo dragons
  2 freezing wraiths (Swamp:4)
  A bloated husk (Swamp:1)
  2 trolls
  2 meliai (D:15)
  2 blink frogs (Lair:5)
  A tyrant leech (Swamp:1)
  2 hornets
  A spriggan (Swamp:4)
  2 jumping spiders (Spider:2)
  A culicivora (Spider:2)
  A basilisk (Lair:3)
  A wyvern (D:9)
  4 yaks
  A swamp worm simulacrum (Swamp:4)
  A vampire mosquito (Swamp:2)
  5 redbacks
  7 water moccasins
  3 orc warriors
  A sky beast (D:7)
  2 ogres (Orc:1)
  3 centaurs
  A wolf (Lair:3)
  3 lemures (D:4)
  A kobold brigand (D:6)
  6 bullfrogs
  A gnoll sergeant (D:12)
  2 wights (D:8)
  9 electric eels
  2 howler monkeys (D:9)
  A hound (D:6)
  13 orc priests
  14 orc wizards
  An adder (D:2)
  7 gnolls
  A swamp drake simulacrum (Swamp:4)
  A dart slug (D:3)
  19 orcs
  2 endoplasms
  4 giant cockroaches
  2 hobgoblins
  5 jackals (D:1)
  2 ball pythons
  4 bats
  A frilled lizard (D:1)
  3 goblins
  9 kobolds
  6 rats
194 creatures vanquished.

Vanquished Creatures (collateral kills)
  Gastronok (D:9)
  A thorn hunter (Swamp:2)
  A fire giant (D:15)
  An emperor scorpion (Spider:1)
  A broodmother (Spider:2)
  2 eleionomae
  Nessos (D:13)
  3 bunyips
  2 spark wasps (Spider:2)
  Snorg (Lair:3)
  An entropy weaver (Spider:1)
  The ghost of Thanatos the Cleaver, a journeyman FoFi of Qazlal (D:11)
  An ettin (D:13)
  4 shambling mangroves
  5 hydras
  An ogre mage (D:15)
  4 boulder beetles
  A catoblepas (Lair:5)
  6 centaur warriors
  A two-headed ogre (shapeshifter) (Lair:5)
  13 alligators
  A jorogumo (Spider:1)
  6 two-headed ogres
  3 tengu warriors
  A vampire mage (D:15)
  4 death yaks (Lair:3)
  2 orc high priests (Orc:2)
  2 thrashing horrors (Lair:5)
  Sonja (Lair:3)
  Amaemon (D:9)
  2 skeletal warriors (D:15)
  A goliath frog (Swamp:3)
  A pharaoh ant (Spider:1)
  A steelbarb worm (Spider:1)
  7 swamp dragons
  2 wizards (D:14)
  4 orb spiders
  A tengu zombie (D:15)
  An orc knight (D:15)
  2 bog bodies
  2 necromancers
  2 deep elf pyromancers
  22 ugly things
  5 wolf spiders
  A stone giant zombie (D:15)
  3 orc sorcerers
  A large abomination (Lair:5)
  A moth of wrath (Spider:1)
  3 elephants
  Maurice (D:13)
  9 cyclopes
  3 black mambas
  A black mamba (shapeshifter) (D:13)
  2 smoke demons (Lair:5)
  2 torpor snails
  5 komodo dragons
  An unseen horror (D:11)
  7 cane toads
  A freezing wraith (Swamp:4)
  3 demonic crawlers
  A kobold demonologist (D:14)
  An efreet (D:13)
  An ancient zyme (Lair:5)
  The ghost of LeafLetters the Ruffian, an amateur TrWr (D:5)
  10 meliai
  2 tyrant leeches
  2 trolls
  3 hornets
  2 polar bears (Lair:5)
  6 slime creatures (D:12)
  7 tarantellas
  9 blink frogs (Lair:5)
  5 dream sheep (Lair:3)
  5 jumping spiders
  A spriggan zombie (D:15)
  2 spriggans
  3 wraiths
  2 ynoxinuls (Lair:5)
  2 culicivoras (Spider:1)
  2 shadows
  A water elemental (D:11)
  29 yaks
  3 wyverns
  12 basilisks
  13 vampire mosquitoes
  11 redbacks
  A steam dragon (D:8)
  3 chaos spawn (Lair:5)
  10 small abominations (Lair:5)
  A swamp worm simulacrum (Swamp:4)
  A human zombie (D:15)
  9 swamp worms
  An acid dragon (D:10)
  9 water moccasins
  A floating eye (shapeshifter) (D:15)
  A floating eye (D:9)
  3 swamp drakes
  16 orc warriors
  2 sky beasts (D:6)
  10 wolves (Lair:3)
  12 ogres
  2 phantoms
  6 centaurs
  A lemure (D:3)
  2 kobold brigands
  9 bullfrogs
  A necrophage (D:7)
  2 gnoll sergeants
  5 scorpions
  7 wights
  4 killer bees (D:7)
  2 electric eels
  An oklob sapling (Swamp:2)
  2 howler monkeys (D:9)
  2 hounds
  2 quasits (D:8)
  A jelly (D:5)
  18 orc priests
  2 iguanas (D:5)
  15 orc wizards
  10 gnolls
  8 adders
  5 shadow imps (D:8)
  2 white imps
  An ufetubus (D:8)
  A worm (D:2)
  A dart slug (D:4)
  61 orcs
  3 ball pythons
  3 endoplasms
  6 giant cockroaches
  6 goblins
  3 hobgoblins
  2 jackals (D:1)
  2 quokkas (D:4)
  A bat (D:2)
  18 kobolds
  3 rats
  8 briar patches (Swamp:2)
  2 bushes (Lair:5)
  A butterfly (Lair:5)
617 creatures vanquished.

Vanquished Creatures (others)
  Frances (D:13)
  A thorn hunter (Swamp:2)
  An emperor scorpion (Spider:1)
  4 hydras
  A radroach (Spider:1)
  2 two-headed ogres
  An alligator (Swamp:4)
  A pharaoh ant (Spider:1)
  Pikel (D:4)
  An ugly thing (D:15)
  A wolf spider (Spider:1)
  A smoke demon (Lair:5)
  A komodo dragon (Lair:4)
  3 bloated husks
  3 trolls
  2 tarantellas
  A culicivora (Spider:1)
  A jumping spider (Spider:2)
  2 yaks
  3 swamp worms
  2 redbacks (Spider:1)
  A small abomination (Lair:5)
  A water moccasin (Lair:3)
  4 orc warriors
  An ogre (Orc:2)
  3 centaurs
  Blork the orc (D:5)
  A wight (D:4)
  4 killer bees
  A hound (D:6)
  2 orc priests
  An iguana (D:5)
  2 orc wizards
  2 gnolls (D:4)
  A demonic plant (D:8)
  43 fungi
  53 plants
  13 withered plants (D:15)
168 creatures vanquished.

Grand Total: 979 creatures vanquished

Notes
Turn   | Place    | Note
-------+----------+-------------------------------------------
     0 | D:1      | FrigidRock the Draconian Summoner began the quest for the
                  | Orb.
     0 | D:1      | Reached XP level 1. HP: 14/14 MP: 3/3
   483 | D:1      | Reached XP level 2. HP: 16/20 MP: 5/5
   486 | D:1      | Learned a level 2 spell: Call Imp
  1404 | D:1      | Reached XP level 3. HP: 26/26 MP: 3/6
  2312 | D:2      | Identified the +4 dagger of Dithmenos's Pride {protect,
                  | Str+4}
  2445 | D:2      | Found a faded altar of an unknown god.
  2619 | D:2      | Reached XP level 4. HP: 33/33 MP: 2/7
  2816 | D:2      | Learned a level 3 spell: Call Canine Familiar
  3380 | D:3      | Found Aralasagg's Weapon Emporium.
  3393 | D:3      | Found Jauculer's Assorted Antiques.
  3457 | D:3      | Bought 2 murky white potions for 45 gold pieces
  3457 | D:3      | Bought a scroll labelled POLUOSHREHI for 25 gold pieces
  3569 | D:3      | Found Duyshratt's Assorted Antiques.
  3880 | D:3      | Found Apnoxzi's Book Emporium.
  4184 | D:3      | Learned a level 3 spell: Summon Guardian Golem
  4641 | D:4      | Noticed a scorpion
  4660 | D:3      | Killed a scorpion
  4661 | D:3      | Reached XP level 5. HP: 38/38 MP: 1/9
  4754 | D:4      | Noticed a lemure
  4760 | D:4      | Reached skill level 1 in Hexes
  4760 | D:4      | Reached skill level 5 in Summonings
  4868 | D:4      | Reached XP level 6. HP: 40/45 MP: 5/11
  5462 | D:4      | Noticed Pikel
  5600 | D:4      | Learned a level 1 spell: Freeze
  6333 | D:5      | Entered Level 5 of the Dungeon
  6333 | D:5      | Found Xuuvest's General Store.
  6414 | D:5      | Your scales start taking on a pale cyan-grey colour.
  6414 | D:5      | Reached XP level 7. HP: 50/50 MP: 10/13
  6414 | D:5      | Gained mutation: You are immune to the effects of steam.
                  | [Pale Draconian growth]
  6472 | D:5      | Reached skill level 6 in Summonings
  6625 | D:5      | Found Daagaz's Antique Armour Emporium.
  6671 | D:5      | Found Xano's Magic Scroll Emporium.
  6685 | D:5      | Bought a scroll of teleportation for 36 gold pieces
  6758 | D:5      | Noticed Blork the orc
  6776 | D:5      | Killed Blork the orc
  6845 | D:5      | Found a transporter.
  6845 | D:5      | Noticed LeafLetters's ghost (amateur TrWr)
  7003 | D:5      | Reached skill level 5 in Spellcasting
  7284 | D:5      | Reached XP level 8. HP: 57/57 MP: 12/15
  7292 | D:5      | Learned a level 4 spell: Summon Lightning Spire
  7444 | D:5      | Found a transporter.
  7876 | D:6      | Found a staircase to the Ecumenical Temple.
  7910 | D:6      | Reached skill level 1 in Air Magic
  7966 | Temple   | Entered the Ecumenical Temple
  8677 | D:6      | Found a sacrificial altar of Ru.
  8677 | D:6      | Found a broken altar of Ashenzari.
  8685 | D:6      | Reached skill level 7 in Summonings
 10149 | D:7      | Reached XP level 9. HP: 30/62 MP: 4/18
 10599 | D:7      | Reached skill level 8 in Summonings
 10934 | D:7      | Noticed a troll
 10940 | D:7      | Killed a troll
 10941 | D:7      | Reached skill level 5 in Dodging
 11351 | D:3      | Bought a scroll labelled ORIOCHETWU for 24 gold pieces
 11351 | D:3      | Bought a ruby potion for 21 gold pieces
 11351 | D:3      | Bought a fizzy white potion for 21 gold pieces
 12258 | D:3      | Gained mutation: Your tail ends in a venomous barb. [potion
                  | of mutation]
 12258 | D:3      | Gained mutation: You have large cloven feet. [potion of
                  | mutation]
 12258 | D:3      | Gained mutation: You are somewhat resistant to further
                  | mutation. [potion of mutation]
 13401 | D:4      | Killed Pikel
 13402 | D:4      | Reached skill level 1 in Fighting
 13540 | D:4      | Identified the +6 mace "Hiokhlat" {freeze, +Blink}
 14375 | D:8      | Reached skill level 9 in Summonings
 14408 | D:8      | Found a snail-covered altar of Cheibriados.
 14488 | D:8      | Reached XP level 10. HP: 71/74 MP: 18/21
 14528 | D:8      | Reached skill level 1 in Maces & Flails
 14870 | D:8      | Found a burning altar of Makhleb.
 14886 | D:8      | Found a glowing golden altar of the Shining One.
 14894 | D:8      | Became a worshipper of the Shining One
 14981 | D:8      | Noticed an elephant
 15009 | D:8      | Killed an elephant
 15067 | D:8      | Identified a scroll of acquirement
 15067 | D:8      | Acquired the Guidebook on Enchanting Firn
 15072 | D:8      | Learned a level 2 spell: Ensorcelled Hibernation
 15076 | D:8      | Learned a level 3 spell: Dazzling Flash
 15078 | D:8      | Learned a level 1 spell: Summon Small Mammal
 15129 | D:8      | Found a staircase to the Lair.
 15203 | Lair:1   | Entered Level 1 of the Lair of Beasts
 15669 | D:8      | Reached skill level 10 in Summonings
 15882 | D:8      | Reached * piety under the Shining One
 17061 | D:9      | Paralysed by a floating eye for 2 turns
 17511 | D:9      | Reached XP level 11. HP: 85/85 MP: 17/24
 17552 | D:9      | Noticed a two-headed ogre
 17562 | D:9      | Killed a two-headed ogre
 17869 | D:9      | Noticed Amaemon
 17921 | D:9      | Reached skill level 5 in Fighting
 18879 | Lair:1   | Reached skill level 11 in Summonings
 18899 | Lair:1   | Reached ** piety under the Shining One
 19058 | Lair:1   | Found a transporter.
 19058 | Lair:1   | Found a transporter.
 19060 | Lair:1   | Noticed a spriggan rider
 19061 | Lair:1   | Noticed a spriggan rider
 19062 | Lair:1   | Noticed a spriggan berserker
 19062 | Lair:1   | Noticed Bukhlaj's ghost (journeyman HOFi)
 19072 | Lair:1   | Noticed Erica
 19090 | Lair:1   | Killed Erica
 19144 | Lair:1   | Found a bloodstained altar of Trog.
 19644 | Lair:1   | Reached skill level 10 in Spellcasting
 21085 | Lair:2   | Found a staircase to the Swamp.
 21085 | Lair:2   | Noticed a bog body
 21094 | Lair:2   | Killed a bog body
 21095 | Lair:2   | Reached skill level 5 in Maces & Flails
 21520 | D:10     | Entered Level 10 of the Dungeon
 21540 | D:10     | Noticed a two-headed ogre
 21545 | D:10     | Killed a two-headed ogre
 21806 | D:10     | Found a staircase to the Orcish Mines.
 22462 | Orc:1    | Entered Level 1 of the Orcish Mines
 22473 | Orc:1    | Noticed an orc sorcerer
 22481 | Orc:1    | Killed an orc sorcerer
 22525 | Orc:1    | Reached XP level 12. HP: 97/97 MP: 9/26
 22652 | Orc:1    | Found Rawolum's Specific Store.
 22654 | Orc:1    | Found Yzihom's General Store.
 22662 | Orc:1    | Bought a scroll of teleportation for 39 gold pieces
 22824 | Orc:2    | Entered Level 2 of the Orcish Mines
 22925 | Orc:2    | Reached skill level 12 in Summonings
 23479 | Orc:2    | Reached *** piety under the Shining One
 23501 | Orc:2    | Noticed an orc high priest
 23537 | Orc:2    | Noticed an orc high priest
 24390 | D:11     | Found a runed translucent door.
 24392 | D:11     | Noticed Thanatos's ghost (journeyman FoFi)
 24703 | D:11     | Noticed a two-headed ogre
 24729 | D:11     | Killed a two-headed ogre
 25382 | D:11     | Noticed an eight-headed hydra
 25396 | D:11     | Killed an eight-headed hydra
 25946 | D:3      | Bought a book of Scorching for 330 gold pieces
 25953 | D:3      | Learned a level 6 spell: Summon Cactus Giant
 25961 | D:3      | Learned a level 7 spell: Summon Hydra
 26266 | D:5      | Bought a potion of curing for 39 gold pieces
 26266 | D:5      | Bought a scroll of fear for 52 gold pieces
 26333 | D:5      | Killed LeafLetters's ghost
 27043 | Lair:3   | Found a transporter.
 27051 | Lair:3   | Found a transporter.
 27158 | Lair:3   | Noticed LeafLetters's ghost (journeyman DgAE)
 27189 | Lair:3   | Noticed Snorg
 27211 | Lair:3   | Killed Snorg
 27212 | Lair:3   | Reached skill level 1 in Earth Magic
 27314 | Lair:3   | Noticed Sonja
 27319 | Lair:3   | Killed Sonja
 27320 | Lair:3   | Reached skill level 13 in Summonings
 27788 | Lair:3   | Noticed a death yak
 27788 | Lair:3   | Noticed a death yak
 27790 | Lair:3   | Noticed a death yak
 27808 | Lair:3   | Killed a death yak
 27809 | Lair:3   | Reached XP level 13. HP: 107/107 MP: 18/28
 28154 | Lair:3   | Found a hole to the Spider Nest.
 29056 | Lair:4   | Reached **** piety under the Shining One
 30716 | Lair:5   | Entered Level 5 of the Lair of Beasts
 30723 | Lair:5   | Found a staircase to the Slime Pits.
 32979 | Lair:5   | Reached skill level 14 in Summonings
 33354 | Lair:5   | Reached ***** piety under the Shining One
 33366 | Lair:5   | Reached XP level 14. HP: 89/118 MP: 3/30
 34309 | Orc:2    | Found Nengaom's Jewellery Shop.
 34309 | Orc:2    | Found Ymmug's Antique Armour Shop.
 34310 | Orc:2    | Found Lijurghaa's Antique Armour Boutique.
 34313 | Orc:2    | Found Fefyreb's Distillery.
 34317 | Orc:2    | Bought a potion of heal wounds for 70 gold pieces
 34317 | Orc:2    | Bought a potion of heal wounds for 70 gold pieces
 34317 | Orc:2    | Bought a potion of curing for 42 gold pieces
 34324 | Orc:2    | Bought a shiny orb for 384 gold pieces
 34435 | Orc:2    | Found a staircase to the Elven Halls.
 34814 | Orc:1    | Found Gatyfo's Distillery.
 34840 | Orc:1    | Bought a potion of brilliance for 48 gold pieces
 34840 | Orc:1    | Bought a potion of haste for 120 gold pieces
 35444 | Elf:1    | Entered Level 1 of the Elven Halls
 35451 | Elf:1    | Noticed Agnes
 36005 | D:9      | Killed Amaemon
 36013 | D:9      | Noticed Gastronok
 36045 | D:9      | Killed Gastronok
 37493 | D:13     | Noticed Maurice
 37497 | D:13     | Killed Maurice
 37518 | D:13     | Noticed Nessos
 37518 | D:13     | Reached ****** piety under the Shining One
 37532 | D:13     | Killed Nessos
 37809 | D:13     | Noticed Frances
 37829 | D:13     | Killed Frances
 38062 | D:13     | Noticed ttag's ghost (journeyman MiBe)
 38537 | Spider:1 | Entered Level 1 of the Spider Nest
 39134 | Spider:1 | Reached skill level 15 in Summonings
 39585 | Spider:1 | Reached skill level 10 in Fighting
 40010 | Spider:1 | Noticed an emperor scorpion
 40025 | Spider:1 | Killed an emperor scorpion
 40146 | Spider:1 | Noticed an emperor scorpion
 40157 | Spider:1 | Reached skill level 1 in Invocations
 40187 | Spider:1 | Killed an emperor scorpion
 40368 | Spider:1 | Reached XP level 15. HP: 81/126 MP: 11/32
 41224 | Spider:1 | Gained mutation: You do not regenerate when monsters are
                  | visible. [mutagenic glow]
 41570 | D:5      | Bought a scroll of amnesia for 48 gold pieces
 41574 | D:5      | Learned a level 2 spell: Poisonous Vapours
 41647 | D:3      | Bought the Encyclopedia of Topological Illusion for 528
                  | gold pieces
 41651 | D:3      | Learned a level 3 spell: Teleport Other
 41881 | Swamp:1  | Entered Level 1 of the Swamp
 42190 | Slime:1  | Entered Level 1 of the Pits of Slime
 42190 | Slime:1  | Noticed an acid blob
 42190 | Slime:1  | Noticed an acid blob
 42580 | Lair:5   | Killed an acid blob
 42945 | Lair:5   | Reached skill level 1 in Translocations
 43154 | Lair:5   | Found a one-way gate to the infinite horrors of the Abyss.
 43154 | Lair:5   | Found a corrupted altar of Lugonu.
 43447 | Lair:5   | Got the Anthology of Calescent Stolen Souls
 44909 | D:11     | Killed Thanatos's ghost
 44919 | D:11     | Identified the +9 halberd of Icaom {drain, rN+}
 45090 | D:13     | Found a runed translucent gate.
 45090 | D:13     | Found a runed translucent gate.
 45092 | D:13     | Found a runed translucent gate.
 45825 | D:13     | Found a gate to the Vaults.
 46105 | D:13     | Found a runed translucent door.
 48254 | D:14     | Reached skill level 5 in Invocations
 48602 | D:14     | Reached skill level 1 in Evocations
 49526 | D:15     | Entered Level 15 of the Dungeon
 50626 | D:15     | Reached XP level 16. HP: 135/135 MP: 17/34
 50628 | D:15     | Found a staircase to the Depths.
 50915 | D:15     | Identified the +3 long sword of Teexasteap {vorpal, rElec}
 50920 | D:15     | Reached skill level 5 in Evocations
 51068 | D:15     | Found a broken altar of Ashenzari.
 51632 | D:15     | Found an ornate altar of the Wu Jian Council.
 51795 | Depths:1 | Entered Level 1 of the Depths
 52314 | Depths:1 | Noticed a tengu reaver
 53534 | Spider:2 | Reached skill level 10 in Dodging
 55581 | Swamp:1  | Identified the +7 long sword of Ancient Evil {flame, Dex+2
                  | Stlth+}
 57117 | Swamp:2  | Reached skill level 10 in Invocations
 57357 | Swamp:2  | Noticed a thorn hunter
 57367 | Swamp:2  | Killed a thorn hunter
 57571 | Swamp:2  | Learned a level 5 spell: Summon Forest
 58570 | Swamp:2  | Noticed a thorn hunter
 58576 | Swamp:2  | Killed a thorn hunter
 58978 | Swamp:3  | Noticed a thorn hunter
 59688 | Swamp:3  | Found a transporter.
 59690 | Swamp:3  | Noticed a thorn hunter
 59694 | Swamp:3  | Noticed a tentacled monstrosity
 59918 | Swamp:3  | Found a sparkling altar of Nemelex Xobeh.
 60117 | Swamp:3  | Found a transporter.
 60346 | Swamp:4  | Entered Level 4 of the Swamp
 60797 | Swamp:4  | Reached XP level 17. HP: 105/141 MP: 4/35
 60811 | Swamp:4  | Noticed Bai Suzhen
 60814 | Swamp:4  | HP: 4/141 [five-headed hydra simulacrum (21)]
 60814 | Swamp:4  | Slain by a five-headed hydra simulacrum

Illustrated notes

Levels and vault maps discovered:
D:1:      dpeg_arrival_prison, layout_basic, grunt_decor_mini_mirrors
D:2:      layout_loops_ring, hellmonk_ecumenical_altar_arch_garden, st_stairs_3,
          grunt_ministairs_15, minmay_diced_spiral
D:3:      layout_rooms, serial_shops, shop, nicolae_shop_hallway_stairs,
          nicolae_lakefront_shop, shop, chequers_mini_garden
D:4:      layout_basic, serial_park_tiny_pond, grunt_ministairs_6, uniq_pikel
D:5:      layout_rooms, gammafunk_ghost_arena, serial_shops, shop,
          nicolae_shop_window_shopping, nicolae_shop_hallway_stairs,
          uniq_blork_the_orc
D:6:      layout_loops_corners, gammafunk_temple_overflow_pools,
          minmay_temple_entry_antechambers, lemuel_flamethrower_2
D:7:      layout_loops_ring
D:8:      layout_basic, mainiacjoe_overflow_brackets,
          grunt_temple_overflow_open, david_lair_generic, serial_demonic,
          serial_demonic_d, serial_demonic_d, serial_demonic_e,
          serial_demonic_a, serial_demonic_g, st_stairs_12
D:9:      layout_cave_pods, fungi_pond_lemuel, onia_ninara_cookie,
          uniq_gastronok, uniq_amaemon
D:10:     layout_layer_cave, orc_0_dummy, special_room [special_room_orc],
          serial_park_tiny_pond, kennysheep_nondescript
D:11:     cheibrodos_helix_gallery, layout_basic, ebering_ghost_inner_flame
D:12:     layout_roguey
D:13:     layout_roguey, david_vaults_1, gammafunk_ghost_icy, nrook_uturn,
          lightli_airlock, uniq_maurice, uniq_nessos, uniq_frances
D:14:     layout_cave_pools, hangedman_decor_push
D:15:     gammafunk_depths_entry_grave, layout_small_grid, ashenzari_altar_1,
          nzn_wu_jian_council_hall
Temple:   bh_familiar_temple
Lair:1:   layout_cellular_growth, gammafunk_ghost_wrathful_warriors, uniq_erica
Lair:2:   layout_cave_pods, nicolae_swamp_entry_splash_gauntlet,
          grunt_megastairs_2
Lair:3:   layout_loops_ring, nicolae_spider_entry_orb_guardian,
          gammafunk_ghost_hive, uniq_snorg, uniq_sonja
Lair:4:   layout_layer_cave, serial_bayou_lake_a, grunt_megastairs_3
Lair:5:   hellmonk_lair_end_abyssal_woods, layout_loops_ring, slime_entry_1,
          lemuel_fruit_fields
Swamp:1:  layout_basic_swamp, evilmike_swamp_ruin_house_3,
          nicolae_swamp_hydra_murder_den
Swamp:2:  nicolae_swamp_phyte_club, layout_basic_swamp, serial_swamp_ruin,
          evilmike_swamp_ruin_house_1, evilmike_swamp_ruin_house_2
Swamp:3:  gammafunk_sealed_arena, layout_basic_swamp,
          evilmike_swamp_ruin_rubble_2, lemuel_altar_in_water
Swamp:4:  swamp_icy, layout_basic_swamp, infiniplex_staircase_pool,
          uniq_bai_suzhen
Spider:1: layout_spider_delve
Spider:2: nicolae_spider_hilbert_zone_7 [nicolae_spider_hilbert_4_sides_1_open,
          nicolae_spider_hilbert_4_sides_1_open,
          nicolae_spider_hilbert_4_sides_1_open,
          nicolae_spider_hilbert_4_sides_1_open,
          nicolae_spider_hilbert_3_sides_1_open,
          nicolae_spider_hilbert_3_sides_1_open,
          nicolae_spider_hilbert_3_sides_1_open,
          nicolae_spider_hilbert_3_sides_1_open,
          nicolae_spider_hilbert_4_sides_1_open,
          nicolae_spider_hilbert_4_sides_1_open,
          nicolae_spider_hilbert_4_sides_1_open,
          nicolae_spider_hilbert_2_sides_1_open,
          nicolae_spider_hilbert_2_sides_1_open,
          nicolae_spider_hilbert_2_sides_1_open,
          nicolae_spider_hilbert_2_sides_1_open,
          nicolae_spider_hilbert_2_sides_1_open,
          nicolae_spider_hilbert_2_sides_1_open]
Slime:1:  layout_caves
Orc:1:    layout_caves, serial_shops, nicolae_shop_waterfront,
          nicolae_specific_store
Orc:2:    st_orc_mages, layout_caves, basic_altar
Elf:1:    eino_elf_arrival_shootout, layout_loops_corners, ebering_ghost_gozag,
          minmay_elf_demonology, minivault_4, uniq_agnes, uniq_louise
Depths:1: cheibrodos_cascadia, layout_gridville, enter_ziggurat_f,
          abyss_entry_crystal, minmay_misc_feat_hallway, pan_entry, hell_entry,
          nicolae_dithmenos_shadow_blocks, serial_bayou_shore_b,
          uniq_enchantress, uniq_sojobo

Skill      XL: |  1  2  3  4  5  6  7  8  9 10 11 12 13 14 15 16 |
---------------+-------------------------------------------------+-----
Stealth        | 2 |  2.6
Dodging        | 2 3 4 5 6 7 8 9 10 | 10.8
Spellcasting   | 3 4 5 6 7 9 10 11 12 13 14 | 14.1
Hexes          | 1 2 3 4 |  4.2
Summonings     | 5 6 7 9 10 11 13 14 15 | 15.6
Air Magic      | 2 3 |  3.5
Fighting       | 2 4 6 7 9 10 | 10.3
Maces & Flails | 3 5 6 7 9 |  9.2
Earth Magic    | 1 4 |  4.0
Invocations    | 1 7 11 | 11.4
Translocations | 3 |  3.3
Evocations     | 4 9 |  9.7

Action                   |  1- 3 |  4- 6 |  7- 9 | 10-12 | 13-15 | 16-18 || total
-------------------------+-------+-------+-------+-------+-------+-------++-------
Melee: Unarmed           |    72 |       |       |       |       |       ||    72
       Tailslap          |    13 |     4 |     3 |    11 |    27 |     7 ||    65
       Dagger            |    62 |    42 |    24 |       |       |       ||   128
       Punch             |     1 |     1 |       |     1 |     1 |       ||     4
       Kick              |       |       |     8 |    34 |    56 |    20 ||   118
       Mace              |       |       |     4 |    80 |   140 |    35 ||   259
 Cast: Call Imp          |    28 |    27 |    36 |     2 |       |       ||    93
       Summon Small Mamm |    28 |    10 |       |    84 |   127 |    20 ||   269
       Call Canine Famil |       |    21 |    41 |    84 |   131 |    54 ||   331
       Summon Guardian G |       |    10 |    27 |    83 |   156 |    43 ||   319
       Freeze            |       |     2 |       |       |       |       ||     2
       Summon Lightning  |       |       |     7 |    62 |   189 |   116 ||   374
       Ensorcelled Hiber |       |       |       |     1 |       |       ||     1
       Summon Cactus Gia |       |       |       |     3 |    98 |    83 ||   184
       Summon Hydra      |       |       |       |       |    37 |    36 ||    73
       Teleport Other    |       |       |       |       |     4 |     7 ||    11
       Summon Forest     |       |       |       |       |       |    13 ||    13
       Poisonous Vapours |       |       |       |       |       |    11 ||    11
       Dazzling Flash    |       |       |       |       |       |     4 ||     4
Invok: Divine Shield     |       |       |       |       |     1 |     4 ||     5
       Summon Divine War |       |       |       |       |       |     1 ||     1
       Cleansing Flame   |       |       |       |       |       |     1 ||     1
 Abil: Breathe Steam     |       |       |    10 |    46 |    64 |    39 ||   159
       Evoke Blink       |       |       |       |     1 |     3 |     6 ||    10
  Use: Potion            |     1 |     2 |     5 |     2 |    10 |     1 ||    21
       Scroll            |       |    10 |     3 |     6 |     7 |     8 ||    34
 Stab: Sleeping          |     3 |       |       |       |       |       ||     3
       Distracted        |     1 |       |     1 |       |       |       ||     2
Armor: Skin              |    58 |    42 |    23 |    37 |    95 |    62 ||   317
Dodge: Dodged            |    98 |    44 |    37 |   114 |   171 |   162 ||   626
Block: Other             |       |       |       |       |       |     5 ||     5
